 Dungeon Crawl Stone Soup version 0.31-a0-1172-g9944ec47dd (webtiles) character file.

Game seed: 11189862681155343589

4262 bmb222 the Cleaver (level 10, 0/69 (77) HPs)
             Began as a Formicid Fighter on Dec 11, 2023.
             Was a Priest of Okawaru.
             Slain by Erica
             ... wielding a +3 scimitar of flaming
              (3 damage)
             ... on level 8 of the Dungeon.
             The game lasted 00:12:04 (8466 turns).

bmb222 the Cleaver (Formicid Fighter)               Turns: 8466, Time: 00:12:05

HP:   0/69 (77)     AC: 13    Str: 24    XL:     10   Next: 56%
MP:   12/12         EV:  6    Int:  9    God:    Okawaru [***...]
Gold: 482           SH:  6    Dex: 13    Spells: 9/9 levels left

rFire   . . .        L - +3 battleaxe
rCold   . . .        c - +0 buckler
rNeg    . . .        y - +0 chain mail
rPois   +            (helmet unavailable)
rElec   .            g - scarf {repulsion}
rCorr   .            x - +1 pair of gloves
SInv    +            (no boots)
Will    ++...        (no amulet) Stlth
                     F - ring of willpower
HPRegen 0.31/turn    z - ring of poison resistance
MPRegen 0.13/turn

%: repel missiles
@: constricted, heavily drained, invisible
A: permanent stasis, dig shafts and tunnels, antennae 3, four strong arms
a: Dig, Shaft Self, Renounce Religion, Heroism


You were on level 8 of the Dungeon.
You worshipped Okawaru.
Okawaru was most pleased with you.
You visited 2 branches of the dungeon, and saw 9 of its levels.
You also visited: Ossuary.

You collected 482 gold pieces.

Inventory:

Hand Weapons
 a - a +0 war axe
 m - a +5 heavy broad axe
 L - a +3 battleaxe (weapon)
Missiles
 p - 13 poisoned darts
Armour
 b - a +0 scale mail
 c - a +0 buckler (worn)
 g - a scarf of repulsion (worn)
 x - a +1 pair of gloves (worn)
 y - a +0 chain mail (worn)
 G - a +1 ring mail of poison resistance
Jewellery
 t - a ring of magical power
 u - a ring of wizardry
 z - a ring of poison resistance (right hand)
 B - a ring of protection from fire
 F - a ring of willpower (left hand)
Wands
 v - a wand of paralysis (23)
 w - a wand of flame (70) (quivered)
 C - a wand of light (3)
Scrolls
 f - 2 scrolls of amnesia
 h - 2 scrolls of immolation
 j - 3 scrolls of enchant armour
 k - 5 scrolls of vulnerability
 l - a scroll of fog
 n - 5 scrolls of teleportation
 r - a scroll of identify
 E - a scroll of silence
 K - a scroll of enchant weapon
Potions
 d - a potion of invisibility
 e - a potion of curing
 i - 3 potions of attraction
 o - a potion of magic {unknown}
 q - 2 potions of brilliance
 s - 3 potions of enlightenment
 A - 5 potions of lignification
 D - a potion of haste
 H - a potion of resistance
 I - a potion of might
 J - a potion of cancellation
 M - a potion of degeneration {unknown}


   Skills:
 + Level 6.6 Fighting
 + Level 10.2 Axes
 + Level 7.8 Armour
 + Level 2.6 Dodging
 + Level 0.4 Stealth
 + Level 7.2 Shields
 * Level 3.8 Invocations
 + Level 1.6 Evocations


You had 9 spell levels left.
You didn't know any spells.
Your spell library contained the following spells:

 Spells                   Type           Power      Damage    Failure   Level
 Apportation              Tloc           0%         N/A       92%         1
 Necrotise                Necr           0%         1d4       92%         1
 Ensorcelled Hibernation  Hex/Ice        0%         N/A       98%         2
 Jinxbite                 Hex            0%         N/A       98%         2
 Passwall                 Tmut/Erth      0%         N/A       98%         2
 Wereblood                Tmut           0%         N/A       98%         2
 Ozocubu's Armour         Ice            0%         N/A       100%        3
 Vampiric Draining        Necr           0%         2d6       100%        3
 Dimensional Bullseye     Hex/Tloc       0%         N/A       100%        4
 Iskenderun's Mystic Bla  Conj/Tloc      0%         2d3       100%        4
 Manifold Assault         Tloc           0%         N/A       100%        4
 Agony                    Necr           0%         N/A       100%        5
 Alistair's Intoxication  Tmut/Pois      0%         N/A       100%        5
 Irradiate                Conj/Tmut      0%         3d11      100%        5
 Ozocubu's Refrigeration  Ice            0%         4d7       100%        7
 Blink                    Tloc           Unusable   N/A       N/A         2
 Swiftness                Air            Unusable   N/A       N/A         3
 Tukima's Dance           Hex            Unusable   N/A       N/A         3

Dungeon Overview and Level Annotations

Branches:
Dungeon (8/15)             Temple (1/1) D:6         Ossuary (visited)
   Lair: D:8-11

Altars:
Ashenzari
Dithmenos
Elyvilon
Fedhas
Gozag
Hepliaklqana
Kikubaaqudgha
Makhleb
Nemelex Xobeh
Okawaru
Qazlal
Ru
Sif Muna
Trog
Uskayaw
Vehumet
Wu Jian
Xom
Yredelemnul
Zin
The Shining One

Shops:
D:1 !??=*   D:4 :*

Annotations:
D:8 Amaemon, Erica


Innate Abilities, Weirdness & Mutations

You cannot be hasted, slowed, berserked, paralysed or teleported.
You can dig through walls and to a lower floor.
You have a pair of large antennae on your head. (SInv)
Your four strong arms can wield two-handed weapons with a shield.


Message History

Erica is severely wounded.
Erica hits you with a +3 scimitar of flaming!
Erica burns you. Erica constricts you.
Erica stares at you and mumbles some strange words.
The bolt of poison hits you. You resist.
* * * LOW HITPOINT WARNING * * *
Erica constricts you.
* * * LOW HITPOINT WARNING * * *
You closely miss Erica.
Erica is severely wounded.
Erica barely misses you. Erica constricts you.
You closely miss Erica.
Erica is severely wounded.
Erica stares at you and mumbles some strange words.
You resist with almost no effort. Erica constricts you.
You closely miss Erica.
Erica is severely wounded.
You block Erica's attack. Erica constricts you.
You barely miss Erica.
Erica is severely wounded.
Erica hits you with a +3 scimitar of flaming!
* * * LOW HITPOINT WARNING * * *
Erica burns you.
* * * LOW HITPOINT WARNING * * *
Erica constricts you.
You feel better. You block Erica's attack. Erica constricts you.
* * * LOW HITPOINT WARNING * * *
You fade into invisibility!
Erica screams, "Your blood will spurt and your skin will burst!"
Erica stares at you and mumbles some strange words.
The bolt of poison hits you! You resist.
* * * LOW HITPOINT WARNING * * *
Erica constricts you.
* * * LOW HITPOINT WARNING * * *
You feel better.
Erica hits you with a +3 scimitar of flaming!
* * * LOW HITPOINT WARNING * * *
Erica burns you.
You die...
Erica begins burbling mirthfully and uncontrollably.

##
#.............##
#
#####....###...#
# #....##....# #
###...##....# #
##....###....# #
#......))....# #
#!...###)....# #
#....####....##
#.... #..@..##
#...# ##.x..#
..... #.....#
..... .....#.#
##......#
#....### ....##
.....


You could see Erica (unable to see you).

Vanquished Creatures
  Jeremiah (D:7)
  Duvessa (D:4)
  A water moccasin (D:5)
  4 sky beasts
  An orc warrior (D:7)
  3 ice beasts
  4 black bears
  2 ogres
  A centaur (D:7)
  6 elf zombies (Ossuary)
  A kobold brigand (D:4)
  2 bullfrogs
  A gnoll sergeant (D:7)
  4 scorpions
  5 wights (D:8)
  Dowan (D:4)
  5 human zombies (Ossuary)
  An orc priest (D:7)
  2 gnoll boudas
  7 hounds
  A jelly (D:7)
  A centaur zombie (Ossuary)
  7 orc wizards
  5 iguanas
  4 mummies
  18 gnolls
  8 adders
  A worm (D:4)
  A dart slug (D:2)
  16 orcs
  5 ball pythons
  21 endoplasms
  7 giant cockroaches
  8 goblins
  10 hobgoblins
  14 kobolds
  3 quokkas
  10 bats
  4 frilled lizards
  A hobgoblin zombie (D:6)
  2 kobold zombies (D:6)
  2 orc zombies
  4 rats
206 creatures vanquished.

Notes
Turn   | Place    | Note
-------+----------+-------------------------------------------
     0 | D:1      | bmb222 the Formicid Fighter began the quest for the Orb.
     0 | D:1      | Reached XP level 1. HP: 18/18 MP: 1/1
   158 | D:1      | Reached XP level 2. HP: 24/24 MP: 2/2
   187 | D:1      | Found Jitedog's Magic Scroll Emporium.
   203 | D:1      | Found Waizil's Jewellery Shop.
   267 | D:1      | Found Senyluyrad's Assorted Antiques.
   281 | D:1      | Reached XP level 3. HP: 29/29 MP: 3/3
   480 | D:1      | Found Zuvigg's Magic Scroll Shop.
   614 | D:1      | Found Haoguh's Distillery.
   832 | D:2      | Reached skill level 3 in Axes
   884 | D:2      | Found a white marble altar of Elyvilon.
   888 | D:2      | Reached XP level 4. HP: 35/35 MP: 4/4
  1973 | D:3      | Found a stormy altar of Qazlal.
  1973 | D:3      | Found a hide-covered altar of Uskayaw.
  1986 | D:3      | Reached XP level 5. HP: 42/42 MP: 5/5
  2213 | D:3      | HP: 2/42 [gnoll/+0 whip (4)]
  2219 | D:2      | Reached skill level 4 in Axes
  2350 | D:3      | Found a glowing silver altar of Zin.
  2351 | D:3      | Found a basalt altar of Yredelemnul.
  2352 | D:3      | Found a shimmering blue altar of Sif Muna.
  2381 | D:3      | Reached XP level 6. HP: 22/48 MP: 6/6
  2666 | D:4      | Noticed an ogre
  2676 | D:4      | Killed an ogre
  2870 | D:4      | Noticed a black bear
  2881 | D:4      | Killed a black bear
  2882 | D:4      | Reached XP level 7. HP: 41/54 MP: 7/7
  3000 | D:4      | Found a burning altar of Makhleb.
  3104 | D:4      | Found Xip Zyl's Assorted Antiques.
  3175 | D:4      | Found Tocexae's Book Emporium.
  3193 | D:4      | Noticed Dowan
  3194 | D:4      | Noticed Duvessa
  3208 | D:4      | Killed Duvessa
  3209 | D:4      | Reached skill level 5 in Axes
  3209 | D:4      | Reached skill level 1 in Dodging
  3209 | D:4      | Reached skill level 5 in Shields
  3212 | D:4      | Reached skill level 5 in Armour
  3226 | D:4      | Killed Dowan
  3495 | D:4      | Reached skill level 6 in Axes
  3512 | D:4      | Identified the +6 mace of the Extremes {speed, rElec rPois}
  3609 | D:4      | Found an ancient bone altar of Kikubaaqudgha.
  3613 | D:4      | Found an opulent altar of Gozag.
  3613 | D:4      | Found a radiant altar of Vehumet.
  3616 | D:4      | Found a sacrificial altar of Ru.
  3705 | D:4      | Reached XP level 8. HP: 51/61 MP: 8/8
  3785 | D:5      | Entered Level 5 of the Dungeon
  4060 | D:5      | Found an ornate altar of the Wu Jian Council.
  4127 | D:5      | Reached skill level 7 in Axes
  4255 | D:5      | Reached skill level 5 in Fighting
  4407 | D:6      | Found a staircase to the Ecumenical Temple.
  4420 | Temple   | Entered the Ecumenical Temple
  4431 | Temple   | Became a worshipper of Warmaster Okawaru
  4647 | D:6      | Found a broken altar of Ashenzari.
  4654 | D:6      | Reached skill level 8 in Axes
  5000 | D:6      | Reached XP level 9. HP: 38/68 MP: 9/9
  5199 | D:6      | Reached * piety under Okawaru
  5592 | D:7      | Noticed Jeremiah
  5596 | D:7      | Reached skill level 9 in Axes
  5630 | D:7      | Found a sand-covered staircase.
  5641 | Ossuary  | Entered an ossuary
  6018 | Ossuary  | Reached skill level 10 in Axes
  6033 | Ossuary  | Identified a scroll of acquirement
  6033 | Ossuary  | Acquired a +4 heavy broad axe
  6835 | D:7      | Reached skill level 1 in Invocations
  6842 | D:7      | Killed Jeremiah
  6842 | D:7      | Reached ** piety under Okawaru
  6843 | D:7      | Reached XP level 10. HP: 47/71 MP: 9/11
  7148 | D:7      | Reached skill level 1 in Evocations
  7980 | D:8      | Noticed Amaemon
  8435 | D:8      | Reached *** piety under Okawaru
  8449 | D:8      | Noticed Erica
  8465 | D:8      | HP: 3/69 [Erica/bolt of poison (9)]
  8465 | D:8      | HP: 1/69 [constriction (2)]
  8466 | D:8      | Slain by Erica

Illustrated notes

Levels and vault maps discovered:
D:1:      elethiomel_arrival_maze, layout_basic, serial_shops, shop,
          nicolae_shop_gaudy_bauble, shop, shop, shop, minmay_domino_2
D:2:      cheibrodos_greedy_goblins, layout_basic, basic_altar,
          nicolae_hexahallways, kennysheep_generic_room_8
D:3:      layout_rooms, grunt_temple_overflow_open, kennysheep_generic_room_10
D:4:      cheibrodos_thug_alley, layout_basic, lemuel_crystal_altar, minitemple,
          serial_shops, nicolae_shop_hallway_plus, nicolae_shop_behind_doors,
          uniq_duvessa
D:5:      layout_basic, mainiacjoe_overflow_tiny_flanked,
          nicolae_kite_square_tiling_tiny, nrook_loot_triangle,
          chequers_serial_rivers_micro_e, kennysheep_generic_room_14
D:6:      layout_basic, ashenzari_altar_1, temple_fountains, minmay_mini_ossuary
D:7:      layout_basic, enter_ossuary_3, minivault_19, uniq_jeremiah
D:8:      minmay_blocky_corners, layout_loops_ring, hangedman_decor_growths,
          uniq_amaemon, uniq_erica
Temple:   nicolae_temple_figure_zero

Skill      XL: |  1  2  3  4  5  6  7  8  9 10 |
---------------+-------------------------------+-----
Axes           | 3 4 6 8 10 | 10.2
Armour         | 4 5 6 7 |  7.8
Fighting       | 4 5 6 |  6.6
Dodging        | 1 2 |  2.6
Shields        | 5 6 7 |  7.2
Invocations    | 2 3 |  3.8
Evocations     | 1 |  1.6
Stealth        | |  0.4

Action                     |  1- 3 |  4- 6 |  7- 9 | 10-12 || total
---------------------------+-------+-------+-------+-------++-------
  Melee: War axe           |   103 |   147 |   283 |       ||   533
         Broad axe         |       |       |    21 |    63 ||    84
         Battleaxe         |       |       |       |    39 ||    39
 Invoke: Heroism           |       |       |     1 |       ||     1
Ability: Dig               |       |       |     3 |     1 ||     4
  Evoke: Wand              |       |       |     4 |     3 ||     7
    Use: Potion            |       |     1 |     2 |     3 ||     6
         Scroll            |       |       |    22 |       ||    22
 Armour: Scale mail        |    83 |   129 |    68 |       ||   280
         Chain mail        |       |       |   213 |   105 ||   318
  Dodge: Dodged            |    64 |    71 |   166 |    46 ||   347
         Repelled          |       |       |       |     1 ||     1
  Block: Buckler           |    35 |    41 |   121 |    37 ||   234

Table legend: (Time is in decaauts)
 A = Elapsed time spent in this place.
 B = Non-inter-level travel time spent in this place.
 C = Inter-level travel time spent in this place.
 D = Time resting spent in this place.
 E = Time spent auto-exploring this place.
 F = Levels seen in this place.
 G = Mean time per level.
                   A        B        C        D        E       F      G
               +--------+--------+--------+--------+--------+-----+--------+
         Total |   8667 |   8345 |    322 |   1611 |   5038 |  10 |  866.7 |
       Dungeon |   8072 |   7769 |    303 |   1320 |   4885 |   8 | 1009.0 |
        Temple |     20 |      1 |     19 |      0 |      0 |   1 |   20.0 |
       Ossuary |    574 |    574 |      0 |    291 |    153 |   1 |  574.0 |
               +--------+--------+--------+--------+--------+-----+--------+

Top non-repeatable levels by time:
     D:7: 1631 daAuts
     D:2: 1381 daAuts
     D:4: 1247 daAuts
     D:6: 1175 daAuts
     D:1: 789 daAuts
     D:8: 756 daAuts
     D:3: 575 daAuts
 Ossuary: 574 daAuts
     D:5: 516 daAuts
  Temple: 20 daAuts
